 Seeded DCSS version 0.29-a0-356-g7bc237e783 (webtiles) character file.

Game seed: 13387057801375688922 (custom seed)

5 zeratav the Digger (level 1, 0/11 HPs)
             Began as an Octopode Earth Elementalist on Apr 26, 2022.
             Slain by a goblin
             ... wielding a +0 dagger
              (2 damage)
             ... on level 1 of the Dungeon.
             The game lasted 00:00:13 (133 turns).

zeratav the Digger (Octopode Earth Elementalist)     Turns: 133, Time: 00:00:14

Health: 0/11       AC:  1    Str:  7    XL:     1   Next: 80%
Magic:  1/3        EV: 13    Int: 17    God:
Gold:   17         SH:  0    Dex: 12    Spells: 3/4 levels left

rFire   . . .      SeeInvis .   (no weapon)
rCold   . . .      Faith    .   (no shield)
rNeg    . . .      Spirit   .   (helmet restricted)
rPois   .          Reflect  .   (no amulet)
rElec   .          Harm     .   (no ring)
rCorr   .          Rampage  .   (no ring)
Will    .....                   (no ring)
Stlth   +++.......              (no ring)
HPRegen 0.03/turn               (no ring)
MPRegen 0.08/turn               (no ring)
                                (no ring)
                                (no ring)

@: no status effects
A: almost no armour, amphibious, 8 rings, camouflage 1, gelatinous body 1,
(nimble swimmer 1), tentacles
a: no special abilities


You were on level 1 of the Dungeon.
You visited 1 branch of the dungeon, and saw 1 of its levels.

You collected 17 gold pieces.


Innate Abilities, Weirdness & Mutations

You cannot wear most types of armour.
You are amphibious.
You can wear up to eight rings at the same time.
Your skin changes colour to match your surroundings (Stealth+).
Your rubbery body absorbs attacks. (AC +1, EV +1)
((You are camouflaged when in or above water. (Stealth+)))
You have tentacles for arms and can constrict up to eight enemies at once.


   Skills:
 - Level 2.0 Dodging
 - Level 2.6 Stealth
 - Level 2.0 Spellcasting
 - Level 1.0 Transmutations
 + Level 3.4 Earth Magic


You had 3 spell levels left.
You knew the following spells:

 Your Spells              Type           Power      Damage    Failure   Level
a - Sandblast             Erth           26%        2d8       4%          1

Your spell library contained the following spells:

 Spells                   Type           Power      Damage    Failure   Level
 Passwall                 Tmut/Erth      7%         N/A       12%         2
 Stone Arrow              Conj/Erth      14%        3d7       28%         3
 Petrify                  Tmut/Erth      9%         N/A       61%         4

Inventory:

Missiles
 a - 41 stones {throwing}
Scrolls
 c - a scroll of teleportation {unknown}
Potions
 b - a potion of magic
 d - 2 potions of curing {unknown}

Dungeon Overview and Level Annotations

Branches:
Dungeon (1/15)

Altars:

. .. ... ############ ...#
#..........# ##.....
####..........#####....#.#
...#............@g.†......
≈≈............######.#.##.
#≈#########.### .. #≈# #.#
... #≈# #.# ... #≈# #.# .#
#≈# ... . #≈. .# #≈#


You could see a goblin.


Message History

Found a staircase leading out of the dungeon.
You open the door.
There is an open door here.
You open the door.
There is an open door here.
a - 47 stones {throwing} (gained 17)
You open the large door.
There is a large open door here.
There is a large open door here.
You now have 17 gold pieces.
c - a scroll labelled KOFEITAKUA You open the large door.
There is a large open door here.
There is a large open door here.
You open the door.
There is an open door here.
As you open the door, it creaks loudly!
There is an open door here.
You open the large door.
There is a large open door here.
There is a large open door here.
A giant cockroach comes into view.
The blast of sand misses the giant cockroach.
MP[-1]
You lost 1 mp, and now have 2/3 mp.
The blast of sand hits the giant cockroach.
The giant cockroach misses you. The giant cockroach barely misses you.
MP[-1]
You lost 1 mp, and now have 1/3 mp.
The blast of sand hits the giant cockroach!
You kill the giant cockroach!
MP[-1]
You lost 1 mp, and now have 0/3 mp.
You are too depleted to draw on your mana recklessly!
d - 2 brown potions MP[+3]
Your mp is fully restored (3).
A goblin comes into view. It is wielding a +0 dagger.
A goblin is nearby!
The goblin shouts!
You hear an angry hiss.
A frilled lizard and a ball python come into view.
The blast of sand hits the ball python!
You kill the ball python!
The frilled lizard hisses angrily.
MP[-1]
You lost 1 mp, and now have 2/3 mp.
The blast of sand hits the goblin.
The goblin barely misses you.
A frilled lizard comes into view.
MP[-1]
You lost 1 mp, and now have 1/3 mp.
The blast of sand misses the goblin.
The goblin hits you with a +0 dagger.
HP[-3] MP[-1]
You take 3 damage, and now have 8/11 hp.
MASSIVE DAMAGE!! (PAUSE)
You lost 1 mp, and now have 0/3 mp.
You tentacle-slap the goblin but do no damage.
Your grab misses the goblin. The goblin hits you with a +0 dagger.
* * * LOW HITPOINT WARNING * * *
HP[-3]
You take 3 damage, and now have 5/11 hp.
MASSIVE DAMAGE!! (PAUSE)
You closely miss the goblin. You grab the goblin. You constrict the goblin.
The goblin barely misses you.
A goblin comes into view. It is wielding a +0 dagger.
The goblin shouts!
You tentacle-slap the goblin.
You kill the goblin!
You barely miss the frilled lizard. Your grab misses the frilled lizard.
Your squeeze misses the frilled lizard. The frilled lizard closely misses you.
You tentacle-slap the frilled lizard but do no damage.
Your grab misses the frilled lizard. The frilled lizard bites you.
* * * LOW HITPOINT WARNING * * *
HP[-1]
You take 1 damage, and now have 4/11 hp.
You tentacle-slap the frilled lizard but do no damage.
Your grab misses the frilled lizard. The frilled lizard bites you.
* * * LOW HITPOINT WARNING * * *
You closely miss the frilled lizard. You grab the frilled lizard.
You constrict the frilled lizard, but do no damage.
The frilled lizard bites you.
* * * LOW HITPOINT WARNING * * *
You barely miss the frilled lizard. Your squeeze misses the frilled lizard.
You constrict the frilled lizard. The frilled lizard closely misses you.
You tentacle-slap the frilled lizard but do no damage.
You constrict the frilled lizard.
You kill the frilled lizard!
You closely miss the frilled lizard. Your grab misses the frilled lizard.
Your squeeze misses the frilled lizard. The frilled lizard misses you.
HP[-3] MP[+1]
You take 3 damage, and now have 1/11 hp.
MASSIVE DAMAGE!! (PAUSE)
You tentacle-slap the frilled lizard but do no damage.
You grab the frilled lizard. You constrict the frilled lizard.
The frilled lizard barely misses you.
You tentacle-slap the frilled lizard.
You kill the frilled lizard!
You tentacle-slap the goblin. You grab the goblin.
Your squeeze misses the goblin. You constrict the goblin.
The goblin hits you with a +0 dagger.
You die...

Action                   || total
-------------------------++-------
Melee: Unarmed           ||    13
       Constrict         ||     4
 Cast: Sandblast         ||     6
Dodge: Dodged            ||     8

Levels and vault maps discovered:
D:1:      saegor_arrival_fortress, layout_rooms,
          shapermc_ecumenical_altar_acropolis, hangedman_decor_riveting

Notes
Turn   | Place    | Note
-------+----------+-------------------------------------------
     0 | D:1      | zeratav the Octopode Earth Elementalist began the quest for
                  | the Orb.
     0 | D:1      | Reached XP level 1. HP: 11/11 MP: 3/3
     0 | D:1      | magus.rc [v1.9.6]
   127 | D:1      | HP: 1/11 [frilled lizard (2)]
   133 | D:1      | Slain by a goblin

Vanquished Creatures
  A ball python (D:1)
  A giant cockroach (D:1)
  A goblin (D:1)
  2 frilled lizards (D:1)
5 creatures vanquished.

Table legend:
 A = Non-vault XP
 B = Vault XP
 C = Vault XP percentage of total XP
 D = Non-vault monster count
 E = Vault monster count
 F = Vault count percentage of total count
                 A         B        C        D         E       F
            +---------+---------+-------+---------+---------+-------
      Total |       8 |       0 |   0.0 |       5 |       0 |   0.0
            +---------+---------+-------+---------+---------+-------
        D:1 |       8 |       0 |   0.0 |       5 |       0 |   0.0
            +---------+---------+-------+---------+---------+-------

Illustrated notes

Table legend:
 A = Kills in this place as a percentage of kills in entire the game.
 B = Kills by you in this place as a percentage of kills by you in the entire game.
 C = Kills by friends in this place as a percentage of kills by friends in the entire game.
 D = Other kills in this place as a percentage of other kills in the entire game.
 E = Experience gained in this place as a percentage of experience gained in the entire game.
 F = Experience gained in this place divided by the number of levels of this place that you have seen.
                   A       B       C       D       E      F
               +-------+-------+-------+-------+-------+----------------------
         Total | 100.0 | 100.0 |   N/A |   N/A | 100.0 |   8.0
       Dungeon | 100.0 | 100.0 |   N/A |   N/A | 100.0 |   8.0
               +-------+-------+-------+-------+-------+----------------------

Table legend: (Time is in decaauts)
 A = Elapsed time spent in this place.
 B = Non-inter-level travel time spent in this place.
 C = Inter-level travel time spent in this place.
 D = Time resting spent in this place.
 E = Time spent auto-exploring this place.
 F = Levels seen in this place.
 G = Mean time per level.
                   A        B        C        D        E       F      G
               +--------+--------+--------+--------+--------+-----+--------+
         Total |    133 |    133 |      0 |      0 |    103 |   1 |  133.0 |
       Dungeon |    133 |    133 |      0 |      0 |    103 |   1 |  133.0 |
               +--------+--------+--------+--------+--------+-----+--------+

Top non-repeatable levels by time:
     D:1: 133 daAuts
